Map: Proxima Station LE

Players

러브썸

  • Race: Zerg Zerg
  • League: Diamond
  • Spawn Location: 7:00

ROBOTOSS - Winner!

  • Race: Protoss Protoss
  • League: Diamond
  • Spawn Location: 1:00

VOD

Have the link to the VOD?

Description

Time

  • Played on: June 3, 2017, 4:05 p.m.
  • Length: 16:33
Show
View Real Time Build Order
Export as new Build Order

러브썸 Zerg 

Build Orders: Pool First 

Get SALT Encoding   

  12  0:19  Spawning Pool  
  11  0:25  Drone  
  11  0:27  Drone  
  13  0:31  Drone  
  14  0:44  Overlord  
  14  1:11  Zergling x6  
  17  1:24  Zergling x2  
  18  1:33  Zergling x2  
  18  1:38  Hatchery  
  18  1:39  Queen  
  18  1:44  Zergling x2  
  21  1:49  Extractor  
  20  1:55  Drone  
  21  2:05  Drone  
  22  2:17  Overlord  
  21  2:41  Hatchery  
  20  2:51  Drone x3, Zergling x2  
  21  2:53  Drone  
  21  3:00  Drone  
  22  3:08  Drone x3  
  25  3:14  Drone  
  26  3:25  Queen  
  28  3:27  Drone  
  29  3:37  Drone x3  
  32  3:46  Evolution Chamber  
  31  3:50  Metabolic Boost  
  31  4:01  Drone x5  
  36  4:09  Queen  
  38  4:17  Overlord  
  38  4:26  Drone x3  
  38  4:27  Overlord  
  38  4:31  Pneumatized Carapace  
  41  4:42  Zergling x10  
  41  4:43  Drone  
  47  4:50  Drone x2  
  49  5:00  Overlord x2  
  49  5:01  Drone x2  
  49  5:02  Drone  
  49  5:04  Extractor  
  51  5:09  Drone x2  
  51  5:10  Drone x2  
  54  5:40  Zergling x10  
  54  5:41  Drone  
  54  5:42  Drone x8  
  67  6:02  Overlord  
  67  6:03  Overlord  
  66  6:09  Evolution Chamber  
  66  6:10  Baneling Nest, Extractor, Lair  
  66  6:11  Drone x4  
  64  6:12  Drone x2  
  68  6:20  Zergling x2  
  68  6:23  Drone  
  67  6:42  Queen x2  
  67  6:46  Extractor  
  70  6:48  Extractor  
  70  6:54  Spore Crawler  
  68  6:55  Drone x4  
  68  6:56  Spore Crawler  
  68  6:57  Spore Crawler x2  
  68  7:00  Drone x3, Spore Crawler  
  70  7:01  Spore Crawler  
  70  7:04  Spore Crawler  
  70  7:07  Spore Crawler  
  67  7:17  Queen  
  67  7:18  Burrow  
  70  7:22  Drone  
  70  7:23  Hydralisk Den, Drone x3  
  70  7:27  Spore Crawler  
  69  7:36  Drone x2  
  69  7:37  Drone x3, Spore Crawler  
  68  7:52  Baneling x2  
  68  7:53  Baneling x2  
  68  7:55  Muscular Augments  
  70  8:00  Hydralisk x4  
  70  8:02  Overlord x2  
  67  8:10  Hydralisk  
  57  8:17  Extractor  
  56  8:25  Hydralisk x2  
  60  8:30  Hatchery  
  59  8:39  Hatchery  
  59  8:40  Drone  
  59  8:41  Drone x10  
  68  8:44  Zerg Missile Weapons Level 1  
  69  8:55  Hydralisk x3  
  69  8:56  Drone x2  
  75  9:15  Hydralisk x2  
  70  9:21  Hydralisk  
  70  9:22  Hydralisk x2  
  68  9:26  Drone  
  68  9:27  Drone x3  
  72  9:39  Drone x2  
  72  9:42  Hydralisk  
  76  9:49  Spore Crawler  
  76  9:51  Drone x2  
  77  9:53  Queen  
  77  9:54  Queen  
  77  9:56  Queen  
  77  9:57  Drone x2  
  77  9:58  Drone x2  
  87  10:06  Zergling x8  
  87  10:07  Zergling x4  
  93  10:10  Spore Crawler  
  92  10:18  Drone  
  92  10:19  Drone x3  
  94  10:41  Zergling x2  
  94  10:42  Zergling x2  
  96  10:46  Hatchery  
  87  10:56  Hydralisk x5  
  72  11:10  Zergling x16  
  75  11:11  Hydralisk x2  
  75  11:18  Hydralisk  
  80  11:32  Hydralisk x4  
  88  11:41  Hydralisk x4  
  80  11:57  Hydralisk x4  
  69  12:04  Spore Crawler  
  64  12:10  Hydralisk  
  64  12:15  Spore Crawler  
  65  12:23  Hydralisk x2  
  65  12:26  Drone  
  65  12:27  Drone  
  65  12:29  Drone  
  69  12:51  Drone x2  
  69  12:52  Drone x3  
  69  12:53  Hydralisk x2  
  69  12:56  Hydralisk  
  69  12:57  Drone  
  80  13:15  Hydralisk  
  80  13:16  Hydralisk x3  
  86  13:20  Drone  
  86  13:22  Drone x3  
  89  13:27  Infestation Pit  
  89  13:29  Hydralisk  
  90  13:38  Spore Crawler  
  63  14:08  Infestor  
  63  14:09  Infestor x2  
  53  14:14  Infestor  
  55  14:19  Drone x2  
  57  14:33  Drone  
  57  14:34  Drone x7  
  65  14:43  Lair  
  65  15:02  Drone x6  
  71  15:11  Zergling x4  
  71  15:12  Zergling x2  
  74  15:31  Infestor x2  
  74  15:32  Infestor x2  
  63  15:45  Hydralisk Den  
  62  15:53  Drone x4  
  62  15:55  Infestation Pit  
  65  15:57  Zergling x2  
  65  16:01  Zergling x2  
  65  16:02  Zergling x10  
Show
View Real Time Build Order
Export as new Build Order

ROBOTOSS Protoss - Winner!

Build Orders:  

Get SALT Encoding   

  12  0:00  Probe (Chrono Boost)  
  13  0:11  Probe (Chrono Boost)  
  14  0:22  Probe (Chrono Boost)  
  14  0:27  Pylon  
  15  0:46  Probe (Chrono Boost)  
  16  0:51  Forge  
  16  0:56  Probe (Chrono Boost)  
  17  1:05  Assimilator  
  17  1:07  Probe (Chrono Boost)  
  17  1:10  Assimilator  
  18  1:17  Probe (Chrono Boost)  
  19  1:24  Pylon  
  19  1:45  Photon Cannon  
  19  1:47  Gateway  
  19  1:51  Pylon  
  19  1:58  Probe (Chrono Boost)  
  21  2:08  Probe (Chrono Boost)  
  21  2:10  Photon Cannon  
  21  2:20  Photon Cannon  
  21  2:21  Photon Cannon  
  21  2:28  Probe (Chrono Boost)  
  21  2:36  Nexus  
  21  3:05  Nexus  
  21  3:06  Probe (Chrono Boost)  
  22  3:16  Probe (Chrono Boost)  
  22  3:19  Cybernetics Core  
  23  3:31  Assimilator  
  23  3:33  Assimilator  
  23  3:40  Pylon  
  23  3:48  Probe (Chrono Boost)  
  24  3:54  Probe (Chrono Boost)  
  25  3:57  Assimilator  
  25  3:58  Probe (Chrono Boost)  
  26  4:05  Probe (Chrono Boost)  
  26  4:09  Assimilator  
  29  4:12  Sentry  
  29  4:14  Probe (Chrono Boost)  
  30  4:20  Probe (Chrono Boost)  
  30  4:24  Probe (Chrono Boost)  
  32  4:25  Probe (Chrono Boost)  
  32  4:31  Probe (Chrono Boost)  
  34  4:34  Probe (Chrono Boost)  
  34  4:35  Probe (Chrono Boost)  
  36  4:41  Probe (Chrono Boost)  
  36  4:45  Probe (Chrono Boost)  
  38  4:46  Probe (Chrono Boost)  
  38  4:52  Probe (Chrono Boost)  
  40  4:55  Probe (Chrono Boost)  
  40  4:56  Probe (Chrono Boost)  
  42  5:03  Stargate  
  42  5:05  Stargate  
  43  5:07  Probe (Chrono Boost)  
  43  5:09  Probe (Chrono Boost)  
  44  5:14  Stargate  
  44  5:17  Probe (Chrono Boost)  
  44  5:21  Probe (Chrono Boost)  
  41  5:32  Mothership Core (Chrono Boost)  
  35  5:59  Pylon  
  34  6:06  Oracle x2  
  34  6:07  Oracle  
  34  6:08  Probe (Chrono Boost)  
  44  6:33  Probe (Chrono Boost)  
  44  6:36  Probe (Chrono Boost)  
  47  6:40  Probe (Chrono Boost)  
  47  6:42  Oracle x3  
  47  6:44  Probe (Chrono Boost)  
  58  6:47  Probe (Chrono Boost)  
  58  6:53  Photon Cannon  
  57  7:04  Photon Cannon  
  58  7:08  Probe (Chrono Boost)  
  58  7:09  Photon Cannon  
  58  7:12  Probe (Chrono Boost)  
  54  7:33  Probe (Chrono Boost)  
  54  7:35  Oracle x2  
  61  7:43  Probe (Chrono Boost)  
  63  7:44  Probe (Chrono Boost)  
  63  7:51  Pylon  
  63  7:54  Probe (Chrono Boost)  
  64  8:05  Oracle  
  64  8:10  Oracle x2  
  73  8:17  Photon Cannon  
  73  8:18  Probe (Chrono Boost)  
  73  8:19  Probe (Chrono Boost)  
  75  8:22  Probe (Chrono Boost)  
  76  8:28  Probe (Chrono Boost)  
  77  8:41  Photon Cannon  
  77  8:51  Oracle  
  77  8:52  Oracle  
  74  8:57  Pylon  
  74  8:58  Pylon  
  74  9:00  Probe (Chrono Boost)  
  74  9:01  Probe (Chrono Boost)  
  73  9:10  Probe (Chrono Boost)  
  73  9:16  Oracle  
  77  9:27  Oracle  
  77  9:28  Oracle  
  77  9:30  Probe (Chrono Boost)  
  81  9:34  Probe (Chrono Boost)  
  81  9:35  Probe (Chrono Boost)  
  83  9:41  Probe (Chrono Boost)  
  83  9:44  Pylon  
  84  9:54  Oracle  
  87  10:03  Oracle  
  90  10:15  Probe (Chrono Boost)  
  90  10:16  Probe (Chrono Boost)  
  92  10:25  Probe (Chrono Boost)  
  92  10:26  Probe (Chrono Boost)  
  90  11:15  Pylon  
  90  11:17  Pylon  
  90  11:18  Pylon  
  90  11:26  Pylon  
  90  11:33  Photon Cannon  
  90  11:34  Photon Cannon  
  90  11:36  Oracle  
  93  11:43  Oracle x2  
  92  12:11  Nexus  
  92  12:12  Nexus  
  91  12:29  Pylon  
  91  12:30  Pylon  
  91  12:47  Oracle x2  
  100  13:30  Void Ray x2  
  100  13:31  Void Ray  
  94  14:13  Void Ray x2  
  94  14:14  Void Ray  
  106  14:32  Pylon  
  106  14:47  Probe (Chrono Boost)  
  107  14:56  Void Ray x2  
  107  14:58  Probe (Chrono Boost)  
  120  15:08  Probe (Chrono Boost)  
  120  15:19  Probe (Chrono Boost)  
  121  15:30  Probe (Chrono Boost)  
  80  15:47  Void Ray x3  
Tags
 
Add a new tag
Caveats
  • Supply blocks, unpowered buildings, or Contaminate may cause inaccurate times.
  • Supply counts are checked every 10 seconds.